Workbook
Name Print_Area: 'Orçamento REFORÇO ESTRUTURAL'!$A$6:$M$110
Name Print_Titles: 'Orçamento REFORÇO ESTRUTURAL'!$6:$16

Sheet Orçamento ADEQUAÇÕES HIDRAÚLICA
A1: INCLUIR LOGOTIPO DA EMPRESA
A6: DADOS DA EMPRESA
A7: DADOS DA EMPRESA
A9: Planilha de Orçamento - GLOBAL
A11: Obra: REFORMAS 2021 - PARTE 1 - ADEQUAÇÕES HIDRAÚLICAS - ETAPA 1 | B11: Endereço: Rua João Goulart nº 2150 - Bairro Olarias
A12: Cliente: Instituto Federal Sul-Rio-Grandense | B12: Cidade: Lajeado - RS | J12: BDI =
A13: Item/Descrição | B13: Qtd. | C13: Un | D13: Mão-de-Obra | F13: Material | H13: Custo Unit. Total | I13: Custo Direto | J13: BDI | L13: Sub-Total do Item | M13: Total do Item
D14: Custo Unitário | E14: Custo Parcial | F14: Custo Unitário | G14: Custo Parcial | J14: Valor | K14: %
A16: 2. SERVIÇOS PRELIMINARES / TÉCNICOS | M16: =SUM(L17:L27) -> 0
A17: 2. 6. TAPUMES | L17: =I17+J17 -> 0
A18: 2. 6. 3. TELA DE POLIETILENO | L18: =I18+J18 -> 0
A19: .1 TAPUME COM TELA DE POLIETILENO, ALTURA 1,20M, INCL. BASE | B19: 7 | C19: M | E19: =D19*B19 -> 0 | G19: =F19*B19 -> 0 | H19: =+D19+F19 -> 0 | I19: =E19+G19 -> 0 | J19: =K19*I19 -> 0 | K19: =$K$12 -> 0 | L19: =I19+J19 -> 0
A20: 2.8.DEMOLIÇÕES E REMOÇÕES | L20: =I20+J20 -> 0
A21: 2.8.7. DEMOLIÇÃO E REMOÇÃO DE PISOS | L21: =I21+J21 -> 0
A22: .1 DEMOLIÇÃO DE CONTRAPISO DE CONCRETO SIMPLES 8CM | B22: 0.95 | C22: M2 | E22: =D22*B22 -> 0 | G22: =F22*B22 -> 0 | H22: =+D22+F22 -> 0 | I22: =E22+G22 -> 0 | J22: =K22*I22 -> 0 | K22: =$K$12 -> 0 | L22: =I22+J22 -> 0
A23: .2 REMOÇÃO E REPOSIÇÃO DE PLACAS DE CONCRETO PRÉ-MOLDADAS | B23: 0.95 | C23: M2 | E23: =D23*B23 -> 0 | G23: =F23*B23 -> 0 | H23: =+D23+F23 -> 0 | I23: =E23+G23 -> 0 | J23: =K23*I23 -> 0 | K23: =$K$12 -> 0 | L23: =I23+J23 -> 0
A24: .3 REMOÇÃO E REPOSIÇÃO DE MEIO-FIO DE CONCRETO | B24: 1.2 | C24: M | E24: =D24*B24 -> 0 | G24: =F24*B24 -> 0 | H24: =+D24+F24 -> 0 | I24: =E24+G24 -> 0 | J24: =K24*I24 -> 0 | K24: =$K$12 -> 0 | L24: =I24+J24 -> 0
A25: .4 REASSENTAMENTO DE BLOCOS INTERTRAVADOS - C/ REAPROVEITAMENTO - RETIRADA E COLOCAÇÃO | B25: 1.2 | C25: M2 | E25: =D25*B25 -> 0 | G25: =F25*B25 -> 0 | H25: =+D25+F25 -> 0 | I25: =E25+G25 -> 0 | J25: =K25*I25 -> 0 | K25: =$K$12 -> 0 | L25: =I25+J25 -> 0
A26: 2.9. LOCAÇÃO DA OBRA
A27: .1 LOCAÇÃO DAS VALAS | B27: 105.87 | C27: M | E27: =D27*B27 -> 0 | G27: =F27*B27 -> 0 | H27: =+D27+F27 -> 0 | I27: =E27+G27 -> 0 | J27: =K27*I27 -> 0 | K27: =$K$12 -> 0 | L27: =I27+J27 -> 0
A28: 3. MOVIMENTO DE TERRA | M28: =SUM(L29:L34) -> 0
A29: 3.1. ESCAVAÇÕES
A30: .1 ESCAVAÇÃO MANUAL DE VALAS ATÉ 2M | B30: 30.22 | C30: M3 | E30: =D30*B30 -> 0 | G30: =F30*B30 -> 0 | H30: =+D30+F30 -> 0 | I30: =E30+G30 -> 0 | J30: =K30*I30 -> 0 | K30: =$K$12 -> 0 | L30: =I30+J30 -> 0
A31: 3.2. ATERROS
A32: 3.2.2. REATERRO E COMPACTAÇÃO MANUAL DE VALAS
A33: .1 REATERRO MAT. DA VALA - COMPACTAÇÃO MECANICA | B33: 19.28 | C33: M3 | E33: =D33*B33 -> 0 | G33: =F33*B33 -> 0 | H33: =+D33+F33 -> 0 | I33: =E33+G33 -> 0 | J33: =K33*I33 -> 0 | K33: =$K$12 -> 0 | L33: =I33+J33 -> 0
A34: .2 REATERRO MANUAL DE VALAS COM AREIA | B34: 9.64 | C34: M3 | E34: =D34*B34 -> 0 | G34: =F34*B34 -> 0 | H34: =+D34+F34 -> 0 | I34: =E34+G34 -> 0 | J34: =K34*I34 -> 0 | K34: =$K$12 -> 0 | L34: =I34+J34 -> 0
A35: 12. INSTALAÇÕES HIDRÁULICAS E SANITÁRIAS | M35: =SUM(L36:L67) -> 0
A36: 12.1. REDE DE ÁGUA E ABASTECIMENTO
A37: 12.1.1. TUBOS E CONEXÕES
A38: .1 TUBO PVC RIGIDO SOLDAVEL 25MM | B38: 118.66 | C38: M | E38: =D38*B38 -> 0 | G38: =F38*B38 -> 0 | H38: =+D38+F38 -> 0 | I38: =E38+G38 -> 0 | J38: =K38*I38 -> 0 | K38: =$K$12 -> 0 | L38: =I38+J38 -> 0
A39: .2 TE 90 PVC RIGIDO SOLDAVEL 25MM | B39: 11 | C39: UN | E39: =D39*B39 -> 0 | G39: =F39*B39 -> 0 | H39: =+D39+F39 -> 0 | I39: =E39+G39 -> 0 | J39: =K39*I39 -> 0 | K39: =$K$12 -> 0 | L39: =I39+J39 -> 0
A40: .3 JOELHO 90 PVC RIGIDO SOLDAVEL 25MM | B40: 16 | C40: UN | E40: =D40*B40 -> 0 | G40: =F40*B40 -> 0 | H40: =+D40+F40 -> 0 | I40: =E40+G40 -> 0 | J40: =K40*I40 -> 0 | K40: =$K$12 -> 0 | L40: =I40+J40 -> 0
A41: .4 JOELHO 45 GRAUS, PVC, SOLDÁVEL, DN 25MM, INSTALADO EM PRUMADA DE ÁGUA | B41: 1 | C41: UN | E41: =D41*B41 -> 0 | G41: =F41*B41 -> 0 | H41: =+D41+F41 -> 0 | I41: =E41+G41 -> 0 | J41: =K41*I41 -> 0 | K41: =$K$12 -> 0 | L41: =I41+J41 -> 0
A42: .5 JOELHO 90 GRAUS COM BUCHA DE LATÃO, PVC, SOLDÁVEL, DN 25MM, X 1/2” | B42: 5 | C42: UN | E42: =D42*B42 -> 0 | G42: =F42*B42 -> 0 | H42: =+D42+F42 -> 0 | I42: =E42+G42 -> 0 | J42: =K42*I42 -> 0 | K42: =$K$12 -> 0 | L42: =I42+J42 -> 0
A43: .6 TÊ COM BUCHA DE LATÃO NA BOLSA CENTRAL, PVC, SOLDÁVEL, DN 25MM X 1/2” | B43: 1 | C43: UN | E43: =D43*B43 -> 0 | G43: =F43*B43 -> 0 | H43: =+D43+F43 -> 0 | I43: =E43+G43 -> 0 | J43: =K43*I43 -> 0 | K43: =$K$12 -> 0 | L43: =I43+J43 -> 0
A44: .7 ABRAÇADEIRA AÇO ZINC. TIPO D C/TRAVA 1" (25MM) | B44: 5 | C44: UN | E44: =D44*B44 -> 0 | G44: =F44*B44 -> 0 | H44: =+D44+F44 -> 0 | I44: =E44+G44 -> 0 | J44: =K44*I44 -> 0 | K44: =$K$12 -> 0 | L44: =I44+J44 -> 0
A45: 12. 1. 2. REGISTROS E VÁLVULAS DE RETENÇÃO | B45: 0
A46: .1 REGISTRO DE ESFERA, PVC, SOLDÁVEL, DN 25 MM, INSTALADO EM RESERVAÇÃO DE ÁG | B46: 2 | C46: UN | E46: =D46*B46 -> 0 | G46: =F46*B46 -> 0 | H46: =+D46+F46 -> 0 | I46: =E46+G46 -> 0 | J46: =K46*I46 -> 0 | K46: =$K$12 -> 0 | L46: =I46+J46 -> 0
A47: 12. 1. 3. ENGATES FLEXÍVEIS | B47: 0
A48: .1 ENGATE FLEXÍVEL EM PLÁSTICO BRANCO, 1/2” X 40CM - FORNECIMENTO E INSTALAÇÃO | B48: 2 | C48: UN | E48: =D48*B48 -> 0 | G48: =F48*B48 -> 0 | H48: =+D48+F48 -> 0 | I48: =E48+G48 -> 0 | J48: =K48*I48 -> 0 | K48: =$K$12 -> 0 | L48: =I48+J48 -> 0
A49: 12. 1. 7. CAIXA PARA PONTO DE ÁGUA
A50: .1 CAIXA DE CONCRETO PRÉ MOLDADO 40x40x50cm | B50: 4 | C50: UN | E50: =D50*B50 -> 0 | G50: =F50*B50 -> 0 | H50: =+D50+F50 -> 0 | I50: =E50+G50 -> 0 | J50: =K50*I50 -> 0 | K50: =$K$12 -> 0 | L50: =I50+J50 -> 0
A51: 12. 3. METAIS
A52: 12. 3. 3. TORNEIRAS DE SERVIÇO
A53: .1 TORNEIRA CURTA CROMADA C/UNIAO P/JARDIM 12MM(1/2") | B53: 4 | C53: UN | E53: =D53*B53 -> 0 | G53: =F53*B53 -> 0 | H53: =+D53+F53 -> 0 | I53: =E53+G53 -> 0 | J53: =K53*I53 -> 0 | K53: =$K$12 -> 0 | L53: =I53+J53 -> 0
A54: 12. 5. ESGOTO CLOACAL
A55: 12. 5. 1. TUBOS E CONEXÕES
A56: .1 TUBO PVC RIGIDO 50MM ESGOTO PRIMARIO | B56: 4.25 | C56: M | E56: =D56*B56 -> 0 | G56: =F56*B56 -> 0 | H56: =+D56+F56 -> 0 | I56: =E56+G56 -> 0 | J56: =K56*I56 -> 0 | K56: =$K$12 -> 0 | L56: =I56+J56 -> 0
A57: .2 TUBO PVC RIGIDO 100MM ESGOTO PRIMARIO | B57: 24.26 | C57: M | E57: =D57*B57 -> 0 | G57: =F57*B57 -> 0 | H57: =+D57+F57 -> 0 | I57: =E57+G57 -> 0 | J57: =K57*I57 -> 0 | K57: =$K$12 -> 0 | L57: =I57+J57 -> 0
A58: .3 JOELHO 90 GRAUS, PVC, SERIE NORMAL, ESGOTO PREDIAL, DN 50 MM | B58: 4 | C58: UN | E58: =D58*B58 -> 0 | G58: =F58*B58 -> 0 | H58: =+D58+F58 -> 0 | I58: =E58+G58 -> 0 | J58: =K58*I58 -> 0 | K58: =$K$12 -> 0 | L58: =I58+J58 -> 0
A59: 12. 5. 2. CAIXAS DE INSPEÇÃO
A60: .1 CAIXA DE CONCRETO PRÉ MOLDADA 60x60x60cm | B60: 4 | C60: UN | E60: =D60*B60 -> 0 | G60: =F60*B60 -> 0 | H60: =+D60+F60 -> 0 | I60: =E60+G60 -> 0 | J60: =K60*I60 -> 0 | K60: =$K$12 -> 0 | L60: =I60+J60 -> 0
A61: 12. 5. 4. CAIXAS DE GORDURA
A62: .1 CAIXA DE GORDURA DN100mm | B62: 2 | C62: UN | E62: =D62*B62 -> 0 | G62: =F62*B62 -> 0 | H62: =+D62+F62 -> 0 | I62: =E62+G62 -> 0 | J62: =K62*I62 -> 0 | K62: =$K$12 -> 0 | L62: =I62+J62 -> 0
A63: 12. 5. 6. SIFÕES
A64: .1 SIFÃO AJUSTAVEL MULTIUSO 66CM | B64: 2 | C64: UN | E64: =D64*B64 -> 0 | G64: =F64*B64 -> 0 | H64: =+D64+F64 -> 0 | I64: =E64+G64 -> 0 | J64: =K64*I64 -> 0 | K64: =$K$12 -> 0 | L64: =I64+J64 -> 0
A65: 12. 6. ESGOTO PLUVIAL
A66: 12. 6.12. FILTROS
A67: .1 FILTRO PARA AGUAS PLUVIAIS | B67: 3 | C67: UN | E67: =D67*B67 -> 0 | G67: =F67*B67 -> 0 | H67: =+D67+F67 -> 0 | I67: =E67+G67 -> 0 | J67: =K67*I67 -> 0 | K67: =$K$12 -> 0 | L67: =I67+J67 -> 0
A68: 15. REVESTIMENTOS | M68: =SUM(L69:L70) -> 0
A69: 15. 5. ENVELOPAMENTO DE CONCRETO EM TUBULAÇÕES | B69: 0
A70: .1 LASTRO DE CONCRETO MAGRO-FCK10MPA(1:3:6)PREP/LANC. | B70: 0.12 | C70: M3 | E70: =D70*B70 -> 0 | G70: =F70*B70 -> 0 | H70: =+D70+F70 -> 0 | I70: =E70+G70 -> 0 | J70: =K70*I70 -> 0 | K70: =$K$12 -> 0 | L70: =I70+J70 -> 0
A71: 19. PAISAGISMO/URBANIZAÇÃO | B71: 0 | M71: =SUM(L72:L74) -> 0
A72: 19. 1. PASSEIOS E CALÇADAS | B72: 0
A73: 19. 1. 2. PLACAS PRÉ MOLDADAS | B73: 0
A74: .1 CONTRAPISO CONCRETO-10CM-200KG CI/M3 (MAGRO) | B74: 0.95 | C74: M2 | E74: =D74*B74 -> 0 | G74: =F74*B74 -> 0 | H74: =+D74+F74 -> 0 | I74: =E74+G74 -> 0 | J74: =K74*I74 -> 0 | K74: =$K$12 -> 0 | L74: =I74+J74 -> 0
H75: TOTAL DO ORÇAMENTO | M75: =SUM(M16:M74) -> 0
I77: Local e Data
I80: Nome do Profissional Responsável
I81: Especificação do Cargo/função
I82: N° do CREA ou CAU

Sheet Orçamento COBERTURA GUARITA
A1: INCLUIR LOGOTIPO DA EMPRESA
A6: DADOS DA EMPRESA
A7: DADOS DA EMPRESA
A9: Planilha de Orçamento - GLOBAL
A11: Obra: REFORMAS 2021 - PARTE 1 - REFORMA NA COBERTURA DA GUARITA | B11: Endereço: Rua João Goulart nº 2150 - Bairro Olarias
A12: Cliente: Instituto Federal Sul-Rio-Grandense | B12: Cidade: Lajeado - RS | J12: BDI =
A13: Item/Descrição | B13: Qtd. | C13: Un | D13: Mão-de-Obra | F13: Material | H13: Custo Unit. Total | I13: Custo Direto | J13: BDI | L13: Sub-Total do Item | M13: Total do Item
D14: Custo Unitário | E14: Custo Parcial | F14: Custo Unitário | G14: Custo Parcial | J14: Valor | K14: %
A16: 2. SERVIÇOS PRELIMINARES / TÉCNICOS | M16: =SUM(L17:L30) -> 0
A17: 2. 5. INSTALAÇÃO DO CANTEIRO DE OBRAS
A18: 2. 5. 2. ESCRITÓRIO E ALMOXARIFADO
A19: .1 LOCAÇÃO CONTAINER 2,30x6,00/h=2,50m P/ESCRIT + ALMOX | B19: 2 | C19: MS | D19: 0 | E19: =D19*B19 -> 0 | G19: =F19*B19 -> 0 | H19: =+D19+F19 -> 0 | I19: =E19+G19 -> 0 | J19: =K19*I19 -> 0 | K19: =$K$12 -> 0 | L19: =I19+J19 -> 0
A20: .2 MOBILIZAÇÃO / DESMOBILIZAÇÃO (TRANSPORTE/FRETES) P/ CONTAINER | B20: 2 | C20: UN | D20: 0 | E20: =D20*B20 -> 0 | G20: =F20*B20 -> 0 | H20: =+D20+F20 -> 0 | I20: =E20+G20 -> 0 | J20: =K20*I20 -> 0 | K20: =$K$12 -> 0 | L20: =I20+J20 -> 0
A21: 2. 6. TAPUMES | L21: =I21+J21 -> 0
A22: 2. 6. 3. TELA DE POLIETILENO | L22: =I22+J22 -> 0
A23: .1 TAPUME COM TELA DE POLIETILENO, ALTURA 1,20M, INCL. BASE | B23: 54.64 | C23: M | E23: =D23*B23 -> 0 | G23: =F23*B23 -> 0 | H23: =+D23+F23 -> 0 | I23: =E23+G23 -> 0 | J23: =K23*I23 -> 0 | K23: =$K$12 -> 0 | L23: =I23+J23 -> 0
A24: 2. 7. PLACAS DE IDENTIFICAÇÃO DE EXERCÍCIO PROFISSIONAL EM OBRAS | L24: =I24+J24 -> 0
A25: .1 PLACA DE OBRA-PINTADA/FIXADA ESTRUTURA METÁLICA (METALON) | B25: 2.03 | C25: M2 | E25: =D25*B25 -> 0 | G25: =F25*B25 -> 0 | H25: =+D25+F25 -> 0 | I25: =E25+G25 -> 0 | J25: =K25*I25 -> 0 | K25: =$K$12 -> 0 | L25: =I25+J25 -> 0
A26: 2.12. MÁQUINAS, EQUIPAMENTOS E FERRAMENTAS
A27: .1 LOCAÇÃO DE ANDAIME TUBULAR COM PLATAFORMA METÁLICA | B27: 2 | C27: MS | E27: =D27*B27 -> 0 | G27: =F27*B27 -> 0 | H27: =+D27+F27 -> 0 | I27: =E27+G27 -> 0 | J27: =K27*I27 -> 0 | K27: =$K$12 -> 0 | L27: =I27+J27 -> 0
A28: 2.14. ESCORAMENTO
A29: 2.14.2 ESCORA METÁLICA
A30: .1 ESCORAMENTO METÁLICO POR TUBO - LOCAÇÃO MENSAL | B30: 95 | C30: UN | E30: =D30*B30 -> 0 | G30: =F30*B30 -> 0 | H30: =+D30+F30 -> 0 | I30: =E30+G30 -> 0 | J30: =K30*I30 -> 0 | K30: =$K$12 -> 0 | L30: =I30+J30 -> 0
A31: 6. SUPERESTRUTURA | M31: =SUM(L32:L51) -> 0
A32: 6.1. ESTRUTURA DE CONCRETO
A33: 6.1.4. CINTA DE AMARRAÇÃO
A34: 6.1.4.1. FORMA
A35: .1 FORMA COMPENS.RESINADO-REAP.3X-INCL.ESCORAM. | B35: 12.04 | C35: M2 | E35: =D35*B35 -> 0 | G35: =F35*B35 -> 0 | H35: =+D35+F35 -> 0 | I35: =E35+G35 -> 0 | J35: =K35*I35 -> 0 | K35: =$K$12 -> 0 | L35: =I35+J35 -> 0
A36: 6.1.4.2. AÇO
A37: .1 ARMADURA CA-60 FINA 4,2 A 4,6MM | B37: 13.08 | C37: KG | E37: =D37*B37 -> 0 | G37: =F37*B37 -> 0 | H37: =+D37+F37 -> 0 | I37: =E37+G37 -> 0 | J37: =K37*I37 -> 0 | K37: =$K$12 -> 0 | L37: =I37+J37 -> 0
A38: .2 ARMADURA CA-50 MEDIA 1/4 A 3/8-6,35 A 9,53MM | B38: 39.34 | C38: KG | E38: =D38*B38 -> 0 | G38: =F38*B38 -> 0 | H38: =+D38+F38 -> 0 | I38: =E38+G38 -> 0 | J38: =K38*I38 -> 0 | K38: =$K$12 -> 0 | L38: =I38+J38 -> 0
A39: 6.1.4.3. CONCRETO
A40: .1 CONCRETO FCK 25MPA - PRE-MISTURADO - CONV. | B40: 0.6 | C40: M3 | E40: =D40*B40 -> 0 | G40: =F40*B40 -> 0 | H40: =+D40+F40 -> 0 | I40: =E40+G40 -> 0 | J40: =K40*I40 -> 0 | K40: =$K$12 -> 0 | L40: =I40+J40 -> 0
A41: .2 LANCAMENTO MANUAL CONCRETO ESTRUTURAL-ADENSAM.VIB. | B41: 0.6 | C41: M3 | E41: =D41*B41 -> 0 | G41: =F41*B41 -> 0 | H41: =+D41+F41 -> 0 | I41: =E41+G41 -> 0 | J41: =K41*I41 -> 0 | K41: =$K$12 -> 0 | L41: =I41+J41 -> 0
A42: 6.1.7. PILARETES
A43: 6.1.4.1. FORMA
A44: .1 FORMA COMPENS.RESINADO-VIGA-REAP.3X-INCL.ESCORAM. | B44: 4.8 | C44: M2 | E44: =D44*B44 -> 0 | G44: =F44*B44 -> 0 | H44: =+D44+F44 -> 0 | I44: =E44+G44 -> 0 | J44: =K44*I44 -> 0 | K44: =$K$12 -> 0 | L44: =I44+J44 -> 0
A45: 6.1.4.2. AÇO
A46: .1 ARMADURA CA-60 FINA 4,2 A 4,6MM | B46: 10.46 | C46: KG | E46: =D46*B46 -> 0 | G46: =F46*B46 -> 0 | H46: =+D46+F46 -> 0 | I46: =E46+G46 -> 0 | J46: =K46*I46 -> 0 | K46: =$K$12 -> 0 | L46: =I46+J46 -> 0
A47: .2 ARMADURA CA-50 MEDIA 1/4 A 3/8-6,35 A 9,53MM | B47: 21.5 | C47: KG | E47: =D47*B47 -> 0 | G47: =F47*B47 -> 0 | H47: =+D47+F47 -> 0 | I47: =E47+G47 -> 0 | J47: =K47*I47 -> 0 | K47: =$K$12 -> 0 | L47: =I47+J47 -> 0
A48: .3 ANCORAGEM QUIMICA - SIKADUR 32 | B48: 4 | C48: KG | E48: =D48*B48 -> 0 | G48: =F48*B48 -> 0 | H48: =+D48+F48 -> 0 | I48: =E48+G48 -> 0 | J48: =K48*I48 -> 0 | K48: =$K$12 -> 0 | L48: =I48+J48 -> 0
A49: 6.1.4.3. CONCRETO
A50: .1 CONCRETO FCK 25MPA - PRE-MISTURADO - CONV. | B50: 0.24 | C50: M3 | E50: =D50*B50 -> 0 | G50: =F50*B50 -> 0 | H50: =+D50+F50 -> 0 | I50: =E50+G50 -> 0 | J50: =K50*I50 -> 0 | K50: =$K$12 -> 0 | L50: =I50+J50 -> 0
A51: .2 LANCAMENTO MANUAL CONCRETO ESTRUTURAL-ADENSAM.VIB. | B51: 0.24 | C51: M3 | E51: =D51*B51 -> 0 | G51: =F51*B51 -> 0 | H51: =+D51+F51 -> 0 | I51: =E51+G51 -> 0 | J51: =K51*I51 -> 0 | K51: =$K$12 -> 0 | L51: =I51+J51 -> 0
A52: 7. ALVENARIA / VEDAÇÃO / DIVISÓRIA | M52: =SUM(L53:L55) -> 0
A53: 7.1. ALVENARIAS
A54: 7.1.1. DE TIJOLOS CERÂMICOS FURADOS
A55: .1 ALVENARIA TIJ.6 FUROS DE10CM-J15MM-CI-CA-AR1:2:8 | B55: 28.5 | C55: M2 | E55: =D55*B55 -> 0 | G55: =F55*B55 -> 0 | H55: =+D55+F55 -> 0 | I55: =E55+G55 -> 0 | J55: =K55*I55 -> 0 | K55: =$K$12 -> 0 | L55: =I55+J55 -> 0
A56: 9. COBERTURA | M56: =SUM(L59:L67) -> 0
A57: 9.1. ESTRUTURA
A58: 9.1.1. DE MADEIRA
A59: .1 ESTRUTURA MADEIRA EM LAJE P/TELHA FIBROCIM. INCL. FIXAÇÃO | B59: 121.46 | C59: M2 | E59: =D59*B59 -> 0 | G59: =F59*B59 -> 0 | H59: =+D59+F59 -> 0 | I59: =E59+G59 -> 0 | J59: =K59*I59 -> 0 | K59: =$K$12 -> 0 | L59: =I59+J59 -> 0
A60: 9.2. TELHAMENTO
A61: 9.2.1. COM TELHAS DE FIBROCIMENTO (S/ AMIANTO)
A62: .1 COBERTURA COM TELHA FIBROCIMENTO 6MM, INCL. FIXAÇÃO | B62: 121.46 | C62: M2 | E62: =D62*B62 -> 0 | G62: =F62*B62 -> 0 | H62: =+D62+F62 -> 0 | I62: =E62+G62 -> 0 | J62: =K62*I62 -> 0 | K62: =$K$12 -> 0 | L62: =I62+J62 -> 0
A63: 9.3. CALHAS
A64: .1 CALHA CHAPA GALVANIZADA Nº26 - CORTE 130, INCL. APOIO | B64: 11.6 | C64: M | E64: =D64*B64 -> 0 | G64: =F64*B64 -> 0 | H64: =+D64+F64 -> 0 | I64: =E64+G64 -> 0 | J64: =K64*I64 -> 0 | K64: =$K$12 -> 0 | L64: =I64+J64 -> 0
A65: 9.4. RUFOS
A66: .1 RUFO CHAPA GALVANIZADA Nº 26 - CORTE 60, INCL. FIXAÇÃO | B66: 29.52 | C66: M | E66: =D66*B66 -> 0 | G66: =F66*B66 -> 0 | H66: =+D66+F66 -> 0 | I66: =E66+G66 -> 0 | J66: =K66*I66 -> 0 | K66: =$K$12 -> 0 | L66: =I66+J66 -> 0
A67: .2 RUFO CHAPA GALVANIZADA Nº26 - CORTE 85, INCL. FIXAÇÃO | B67: 9.34 | C67: M | E67: =D67*B67 -> 0 | G67: =F67*B67 -> 0 | H67: =+D67+F67 -> 0 | I67: =E67+G67 -> 0 | J67: =K67*I67 -> 0 | K67: =$K$12 -> 0 | L67: =I67+J67 -> 0
A68: 12. INSTALAÇÕES HIDRÁULICAS E SANITÁRIAS | M68: =SUM(L69:L71) -> 0
A69: 12.6. ESGOTO PLUVIAL
A70: 12.6.1. TUBOS E CONEXÕES
A71: .1 TUBO PVC RIGIDO 150MM ESGOTO PRIMARIO | B71: 0.8 | C71: M | E71: =D71*B71 -> 0 | G71: =F71*B71 -> 0 | H71: =+D71+F71 -> 0 | I71: =E71+G71 -> 0 | J71: =K71*I71 -> 0 | K71: =$K$12 -> 0 | L71: =I71+J71 -> 0
A72: 13. IMPERMEABILIZAÇÕES | M72: =SUM(L73:L74) -> 0
A73: 13.7. IMUNIZAÇÃO DE MADEIRAS
A74: .1 IMPERMEAB/IMUNIZACAO-MADEIRA TRABALHADA-1 DEMAO | B74: 121.46 | C74: M2 | E74: =D74*B74 -> 0 | G74: =F74*B74 -> 0 | H74: =+D74+F74 -> 0 | I74: =E74+G74 -> 0 | J74: =K74*I74 -> 0 | K74: =$K$12 -> 0 | L74: =I74+J74 -> 0
A75: 15. REVESTIMENTOS | M75: =SUM(L76:L80) -> 0
A76: 15.1. DE ARGAMASSSA
A77: 15.1.1. CHAPISCO
A78: .1 CHAPISCO CI-AR 1:3-7MM PREPARO E APLICACAO | B78: 72.25 | C78: M2 | E78: =D78*B78 -> 0 | G78: =F78*B78 -> 0 | H78: =+D78+F78 -> 0 | I78: =E78+G78 -> 0 | J78: =K78*I78 -> 0 | K78: =$K$12 -> 0 | L78: =I78+J78 -> 0
A79: 15.1.2. MASSA ÚNICA
A80: .1 MASSA UNICA 20MM-ARGAMASSA REGULAR CA-AR 1:5+20%CI | B80: 72.25 | C80: M2 | E80: =D80*B80 -> 0 | G80: =F80*B80 -> 0 | H80: =+D80+F80 -> 0 | I80: =E80+G80 -> 0 | J80: =K80*I80 -> 0 | K80: =$K$12 -> 0 | L80: =I80+J80 -> 0
A81: 17. PINTURA | M81: =SUM(L82:L85) -> 0
A82: 17.1. SELADOR / PREPARAÇÃO
A83: .1 SELADOR PARA PAREDES INTERNAS/EXTERNAS 1 DEMAO | B83: 72.25 | C83: M2 | E83: =D83*B83 -> 0 | G83: =F83*B83 -> 0 | H83: =+D83+F83 -> 0 | I83: =E83+G83 -> 0 | J83: =K83*I83 -> 0 | K83: =$K$12 -> 0 | L83: =I83+J83 -> 0
A84: 17.3. BASE ACRÍLICA
A85: .1 PINTURA ACRILICA SOBRE MASSA UNIICA-2 DEMAOS | B85: 96.34 | C85: M2 | E85: =D85*B85 -> 0 | G85: =F85*B85 -> 0 | H85: =+D85+F85 -> 0 | I85: =E85+G85 -> 0 | J85: =K85*I85 -> 0 | K85: =$K$12 -> 0 | L85: =I85+J85 -> 0
A86: 18. SERVIÇOS COMPLEMENTARES | M86: =SUM(L87:L88) -> 0
A87: 18.5. LIMPEZA E ENTREGA DA OBRA
A88: .1 LIMPEZA FINAL DA OBRA | B88: 31.94 | C88: M2 | E88: =D88*B88 -> 0 | F88: 0 | G88: =F88*B88 -> 0 | H88: =+D88+F88 -> 0 | I88: =E88+G88 -> 0 | J88: =K88*I88 -> 0 | K88: =$K$12 -> 0 | L88: =I88+J88 -> 0
A89: 21. GERENCIAMENTO DE OBRAS / FISCALIZAÇÃO | M89: =SUM(L90:L92) -> 0
A90: 21.1. ADMINISTRAÇÃO DA OBRA
A91: 21.1.1. DESPESAS COM PESSOAL
A92: .1 CONTRAMESTRE | B92: 2 | C92: MS | E92: =D92*B92 -> 0 | F92: 0 | G92: =F92*B92 -> 0 | H92: =+D92+F92 -> 0 | I92: =E92+G92 -> 0 | J92: =K92*I92 -> 0 | K92: =$K$12 -> 0 | L92: =I92+J92 -> 0
H93: TOTAL DO ORÇAMENTO | M93: =SUM(M16:M92) -> 0
I95: Local e Data
I98: Nome do Profissional Responsável
I99: Especificação do Cargo/função
I100: N° do CREA ou CAU

Sheet Orçamento REFORÇO ESTRUTURAL
A1: INCLUIR LOGOTIPO DA EMPRESA
A7: DADOS DA EMPRESA
A8: DADOS DA EMPRESA
A10: Planilha de Orçamento - GLOBAL
A12: Obra: REFORMAS 2021 - PARTE 1 - REFORÇO ESTRUTURAL NA SALA DOS PROFESSORES | F12: Endereço: Rua João Goulart nº 2150 - Bairro Olarias
A13: Cliente: Instituto Federal Sul-Rio-Grandense | F13: Cidade: Lajeado - RS | J13: BDI =
A14: Item/Descrição | B14: Qtd. | C14: Un | D14: Mão-de-Obra | F14: Material | H14: Custo Unit. Total | I14: Custo Direto | J14: BDI | L14: Sub-Total do Item | M14: Total do Item
D15: Custo Unitário | E15: Custo Parcial | F15: Custo Unitário | G15: Custo Parcial | J15: Valor | K15: %
A17: 2. SERVIÇOS PRELIMINARES / TÉCNICOS | M17: =SUM(L18:L32) -> 0
A18: 2.8. DEMOLIÇÕES E REMOÇÕES
A19: 2.8.7 DEMOLIÇÃO E REMOÇÃO DE PISO
A20: .1 REMOÇÃO DE PISO CERÂMICOS, INCL. ARGAMASSA DE ASSENTAMENTO | B20: 95.13 | C20: M2 | E20: =D20*B20 -> 0 | G20: =F20*B20 -> 0 | H20: =+D20+F20 -> 0 | I20: =E20+G20 -> 0 | J20: =K20*I20 -> 0 | K20: =$K$13 -> 0 | L20: =I20+J20 -> 0
A21: .2 RETIRADA DE RODAPÉ CERÂMICO, INCL. ARGAMASSA DE ASSENTAMENTO | B21: 35.84 | C21: M2 | E21: =D21*B21 -> 0 | G21: =F21*B21 -> 0 | H21: =+D21+F21 -> 0 | I21: =E21+G21 -> 0 | J21: =K21*I21 -> 0 | K21: =$K$13 -> 0 | L21: =I21+J21 -> 0
A22: 2.8.14 DEMOLIÇÃO DE CONTRAPISO
A23: .1 DEMOLIÇÃO DE CONTRAPISO DE CONCRETO SIMPLES 8CM | B23: 2 | C23: M2 | E23: =D23*B23 -> 0 | G23: =F23*B23 -> 0 | H23: =+D23+F23 -> 0 | I23: =E23+G23 -> 0 | J23: =K23*I23 -> 0 | K23: =$K$13 -> 0 | L23: =I23+J23 -> 0
A24: 2.8.25 REMOÇÃO DE DIVISÓRIAS
A25: .1 DESMONTAGEM DE DIVISÓRIAS LEVES | B25: 17.25 | C25: M2 | E25: =D25*B25 -> 0 | G25: =F25*B25 -> 0 | H25: =+D25+F25 -> 0 | I25: =E25+G25 -> 0 | J25: =K25*I25 -> 0 | K25: =$K$13 -> 0 | L25: =I25+J25 -> 0
A26: 2.10. TRANSPORTES
A27: .1 LOCAÇÃO DE CAÇAMBA COLETORA DE ENTULHO, CAPACIDADE 7M3 | B27: 1 | C27: UN | E27: =D27*B27 -> 0 | G27: =F27*B27 -> 0 | H27: =+D27+F27 -> 0 | I27: =E27+G27 -> 0 | J27: =K27*I27 -> 0 | K27: =$K$13 -> 0 | L27: =I27+J27 -> 0
A28: 2.12. MÁQUINAS, EQUIPAMENTOS E FERRAMENTAS
A29: .1 LOCAÇÃO DE MACACO HIDRAULICO, TIPO GARRAFA, CAP. 50T, DIÁRIA | B29: 3 | C29: UN | E29: =D29*B29 -> 0 | G29: =F29*B29 -> 0 | H29: =+D29+F29 -> 0 | I29: =E29+G29 -> 0 | J29: =K29*I29 -> 0 | K29: =$K$13 -> 0 | L29: =I29+J29 -> 0
A30: 2.14. ESCORAMENTO
A31: 2.14.2 ESCORA METÁLICA
A32: .1 ESCORAMENTO METÁLICO POR TUBO - LOCAÇÃO MENSAL | B32: 90 | C32: UN | E32: =D32*B32 -> 0 | G32: =F32*B32 -> 0 | H32: =+D32+F32 -> 0 | I32: =E32+G32 -> 0 | J32: =K32*I32 -> 0 | K32: =$K$13 -> 0 | L32: =I32+J32 -> 0
A33: 3. MOVIMENTO DE TERRA | M33: =SUM(L34:L37) -> 0
A34: 3. 1. ESCAVAÇÕES
A35: .1 ESCAVACAO MANUAL DE SOLO DE 1A. ATE 1,50M | B35: 2 | C35: M3 | E35: =D35*B35 -> 0 | G35: =F35*B35 -> 0 | H35: =+D35+F35 -> 0 | I35: =E35+G35 -> 0 | J35: =K35*I35 -> 0 | K35: =$K$13 -> 0 | L35: =I35+J35 -> 0
A36: 3. 3. REATERRO DE VALAS DE FUNDAÇÃO
A37: .1 REATERRO VALAS COM AREIA - COMPACTADA | B37: 1.27 | C37: M3 | E37: =D37*B37 -> 0 | G37: =F37*B37 -> 0 | H37: =+D37+F37 -> 0 | I37: =E37+G37 -> 0 | J37: =K37*I37 -> 0 | K37: =$K$13 -> 0 | L37: =I37+J37 -> 0
A38: 4. INFRA-ESTRUTURA / FUNDAÇÕES SIMPLES | M38: =SUM(L39:L48) -> 0
A39: 4.2. SAPATAS
A40: 4.2.1. FORMA
A41: .1 FORMA COMPENS.RESINADO-REAP.3X-INCL.ESCORAM. | B41: 4.08 | C41: M2 | E41: =D41*B41 -> 0 | G41: =F41*B41 -> 0 | H41: =+D41+F41 -> 0 | I41: =E41+G41 -> 0 | J41: =K41*I41 -> 0 | K41: =$K$13 -> 0 | L41: =I41+J41 -> 0
A42: 4.2.2. AÇO
A43: .1 ARMADURA CA-60 MEDIA 5,0 A 6,0MM | B43: 2 | C43: KG | E43: =D43*B43 -> 0 | G43: =F43*B43 -> 0 | H43: =+D43+F43 -> 0 | I43: =E43+G43 -> 0 | J43: =K43*I43 -> 0 | K43: =$K$13 -> 0 | L43: =I43+J43 -> 0
A44: .2 ARMADURA CA-50 MEDIA 1/4 A 3/8-6,35 A 9,53MM | B44: 26 | C44: KG | E44: =D44*B44 -> 0 | G44: =F44*B44 -> 0 | H44: =+D44+F44 -> 0 | I44: =E44+G44 -> 0 | J44: =K44*I44 -> 0 | K44: =$K$13 -> 0 | L44: =I44+J44 -> 0
A45: 4.2.3. CONCRETO
A46: .1 CONCRETO FCK 25MPA - PRE-MISTURADO - CONV. | B46: 0.73 | C46: M3 | E46: =D46*B46 -> 0 | G46: =F46*B46 -> 0 | H46: =+D46+F46 -> 0 | I46: =E46+G46 -> 0 | J46: =K46*I46 -> 0 | K46: =$K$13 -> 0 | L46: =I46+J46 -> 0
A47: .2 LANCAMENTO MANUAL CONCRETO ESTRUTURAL-ADENSAM.VIB. | B47: 0.73 | C47: M3 | E47: =D47*B47 -> 0 | G47: =F47*B47 -> 0 | H47: =+D47+F47 -> 0 | I47: =E47+G47 -> 0 | J47: =K47*I47 -> 0 | K47: =$K$13 -> 0 | L47: =I47+J47 -> 0
A48: .3 LASTRO MANUAL DE BRITA (BASE SAPATAS) | B48: 0.2 | C48: M3 | E48: =D48*B48 -> 0 | G48: =F48*B48 -> 0 | H48: =+D48+F48 -> 0 | I48: =E48+G48 -> 0 | J48: =K48*I48 -> 0 | K48: =$K$13 -> 0 | L48: =I48+J48 -> 0
A49: 6. SUPERESTRUTURA | M49: =SUM(L50:L54) -> 0
A50: 6.2. ESTRUTURA METÁLICA
A51: 6. 2. 1. PERFIS, CANTONEIRAS E CHAPAS
A52: .1 PERFIL I DE AÇO ESTRUTURAL W 200x26,6 - MÍNIMO ASTM A36 CONEXÕES SOLDADAS E/OU PARAFUSADAS - C/ PERDAS | B52: 532 | C52: KG | E52: =D52*B52 -> 0 | G52: =F52*B52 -> 0 | H52: =+D52+F52 -> 0 | I52: =E52+G52 -> 0 | J52: =K52*I52 -> 0 | K52: =$K$13 -> 0 | L52: =I52+J52 -> 0
A53: .2 CHAPA DE AÇO GROSSA, ASTM A36, E=9,53MM - PARA CONEXÕES PERDAS DE 5% EMBUTIDAS | B53: 17 | C53: KG | E53: =D53*B53 -> 0 | G53: =F53*B53 -> 0 | H53: =+D53+F53 -> 0 | I53: =E53+G53 -> 0 | J53: =K53*I53 -> 0 | K53: =$K$13 -> 0 | L53: =I53+J53 -> 0
A54: .3 CHUMBADOR - PARABOLT 1/2" X 3" | B54: 20 | C54: UN | E54: =D54*B54 -> 0 | G54: =F54*B54 -> 0 | H54: =+D54+F54 -> 0 | I54: =E54+G54 -> 0 | J54: =K54*I54 -> 0 | K54: =$K$13 -> 0 | L54: =I54+J54 -> 0
A55: 7. ALVENARIA/ VEDAÇÃO/ DIVISÓRIA | M55: =SUM(L56:L59) -> 0
A56: 7.2. DIVISÓRIAS
A57: 7. 2. 2. DIVISÓRIA COM PAINEIS DE GESSO
A58: .1 PAREDE GESSO ACARTONADO - STANDARD - C/COLOCAÇÃO | B58: 22.74 | C58: M2 | E58: =D58*B58 -> 0 | G58: =F58*B58 -> 0 | H58: =+D58+F58 -> 0 | I58: =E58+G58 -> 0 | J58: =K58*I58 -> 0 | K58: =$K$13 -> 0 | L58: =I58+J58 -> 0
A59: .2 CANTONEIRA DE ALUMÍNIO BRANCO, ABA DE 1" - INCL. FIXAÇÃO C/ SILICONE INCOLOR | B59: 12 | C59: M | E59: =D59*B59 -> 0 | G59: =F59*B59 -> 0 | H59: =+D59+F59 -> 0 | I59: =E59+G59 -> 0 | J59: =K59*I59 -> 0 | K59: =$K$13 -> 0 | L59: =I59+J59 -> 0
A60: 8. ESQUADRIAS | M60: =SUM(L61:L71) -> 0
A61: 8. 1. ESQUADRIAS DE MADEIRA | J61: =K61*I61 -> 0 | L61: =I61+J61 -> 0
A62: 8. 1. 2. PORTAS INTERNAS | J62: =K62*I62 -> 0 | L62: =I62+J62 -> 0
A63: .1 PORTA INT.SEMI-OCA COMPENS.CEDRO OU TAUARI, INCL. MARCO E GUARNIÇÕES, S/FERR.0,80X2,10 | B63: 1 | C63: CJ | E63: =D63*B63 -> 0 | G63: =F63*B63 -> 0 | H63: =+D63+F63 -> 0 | I63: =E63+G63 -> 0 | J63: =K63*I63 -> 0 | K63: =$K$13 -> 0 | L63: =I63+J63 -> 0
A64: 8. 4. ESQUADRIAS DE VIDRO TEMPERADO | J64: =K64*I64 -> 0 | L64: =I64+J64 -> 0
A65: 8. 4. 1. DE VIDRO INCOLOR | J65: =K65*I65 -> 0 | L65: =I65+J65 -> 0
A66: 8. 4. 1. 1. JANELAS | J66: =K66*I66 -> 0 | L66: =I66+J66 -> 0
A67: .1 DE VIDRO TEMPERADO INCOLOR 5MM, INCL. BAGUETES | B67: 4.25 | C67: M2 | E67: =D67*B67 -> 0 | G67: =F67*B67 -> 0 | H67: =+D67+F67 -> 0 | I67: =E67+G67 -> 0 | J67: =K67*I67 -> 0 | K67: =$K$13 -> 0 | L67: =I67+J67 -> 0
A68: 8. 5. FERRAGEM | J68: =K68*I68 -> 0 | L68: =I68+J68 -> 0
A69: 8. 5. 1. CONJUNTO FECHADURA E DOBRADIÇAS | J69: =K69*I69 -> 0 | L69: =I69+J69 -> 0
A70: 8. 5. 1. 1. PARA PORTAS INTERNAS | J70: =K70*I70 -> 0 | L70: =I70+J70 -> 0
A71: .1 FERRAGEM COMPLETA PARA PORTA INTERNA, INCL. PLAQUETAS | B71: 1 | C71: CJ | E71: =D71*B71 -> 0 | G71: =F71*B71 -> 0 | H71: =+D71+F71 -> 0 | I71: =E71+G71 -> 0 | J71: =K71*I71 -> 0 | K71: =$K$13 -> 0 | L71: =I71+J71 -> 0
A72: 17. PINTURA | M72: =SUM(L74:L80) -> 0
A73: 17. 3. BASE ACRÍLICA
A74: .1 PINTURA ACRILICA SOBRE MASSA ACRÍLICA - 2 DEMAOS | B74: 34.06 | C74: M2 | E74: =D74*B74 -> 0 | G74: =F74*B74 -> 0 | H74: =+D74+F74 -> 0 | I74: =E74+G74 -> 0 | J74: =K74*I74 -> 0 | K74: =$K$13 -> 0 | L74: =I74+J74 -> 0
A75: 17. 6. MASSA CORRIDA
A76: .1 MASSA CORRIDA PVA PARA INTERIORES - 2 DEMAOS, INCL. LIXA | B76: 34.06 | C76: M2 | E76: =D76*B76 -> 0 | G76: =F76*B76 -> 0 | H76: =+D76+F76 -> 0 | I76: =E76+G76 -> 0 | J76: =K76*I76 -> 0 | K76: =$K$13 -> 0 | L76: =I76+J76 -> 0
A77: 17.7. FUNDO SOBRE MADEIRA | E77: =D77*B77 -> 0 | G77: =F77*B77 -> 0 | H77: =+D77+F77 -> 0 | I77: =E77+G77 -> 0 | J77: =K77*I77 -> 0 | L77: =I77+J77 -> 0
A78: .1 VERNIZ POLIURETANO SOBRE MADEIRA - 2 DEMÃOS, INCL. LIXA | B78: 4.2 | C78: M2 | E78: =D78*B78 -> 0 | G78: =F78*B78 -> 0 | H78: =+D78+F78 -> 0 | I78: =E78+G78 -> 0 | J78: =K78*I78 -> 0 | K78: =$K$13 -> 0 | L78: =I78+J78 -> 0
A79: 17.9. FUNDO SOBRE METAL
A80: .1 FUNDO ANTI-OXIDO (ZARCÃO) - 2 DEMAOS, INCL. LIXA | B80: 16.15 | C80: M2 | E80: =D80*B80 -> 0 | G80: =F80*B80 -> 0 | H80: =+D80+F80 -> 0 | I80: =E80+G80 -> 0 | J80: =K80*I80 -> 0 | K80: =$K$13 -> 0 | L80: =I80+J80 -> 0
A81: 18. SERVIÇOS COMPLEMENTARES | M81: =SUM(L82:L83) -> 0
A82: 18.5. LIMPEZA E ENTREGA DA OBRA
A83: .1 LIMPEZA FINAL DA OBRA | B83: 95.13 | C83: M2 | E83: =D83*B83 -> 0 | G83: =F83*B83 -> 0 | H83: =+D83+F83 -> 0 | I83: =E83+G83 -> 0 | J83: =K83*I83 -> 0 | K83: =$K$13 -> 0 | L83: =I83+J83 -> 0
A84: 24. PISO | M84: =SUM(L85:L94) -> 0
A85: 24. 2. CONTRAPISO
A86: .1 CONTRAPISO DE CONCRETO MAGRO, 5CM | B86: 1.92 | C86: M2 | E86: =D86*B86 -> 0 | G86: =F86*B86 -> 0 | H86: =+D86+F86 -> 0 | I86: =E86+G86 -> 0 | J86: =K86*I86 -> 0 | K86: =$K$13 -> 0 | L86: =I86+J86 -> 0
A87: 24. 5. CERÂMICO
A88: .1 PISO CERÂMICO, INCL. ARGAMASSA COLANTE E REJUNTE | B88: 95.02 | C88: M2 | E88: =D88*B88 -> 0 | G88: =F88*B88 -> 0 | H88: =+D88+F88 -> 0 | I88: =E88+G88 -> 0 | J88: =K88*I88 -> 0 | K88: =$K$13 -> 0 | L88: =I88+J88 -> 0
A89: 24. 22. SOLEIRAS
A90: 24. 22. 1 DE BASALTO
A91: .1 SOLEIRA DE BASALTO TEAR 15CM, INCL. ARGAMASSA COLANTE | B91: 1.8 | C91: M | E91: =D91*B91 -> 0 | G91: =F91*B91 -> 0 | H91: =+D91+F91 -> 0 | I91: =E91+G91 -> 0 | J91: =K91*I91 -> 0 | K91: =$K$13 -> 0 | L91: =I91+J91 -> 0
A92: 24. 23. RODAPÉS
A93: 24. 23. 4 CERÂMICO
A94: .1 RODAPÉ CERÂMICO 7CM, INCL. ARGAMASSA COLANTE E REJUNTE | B94: 72.35 | C94: M | E94: =D94*B94 -> 0 | G94: =F94*B94 -> 0 | H94: =+D94+F94 -> 0 | I94: =E94+G94 -> 0 | J94: =K94*I94 -> 0 | K94: =$K$13 -> 0 | L94: =I94+J94 -> 0
H95: TOTAL DO ORÇAMENTO | M95: =SUM(M17:M94) -> 0
I97: Local e Data
I100: Nome do Profissional Responsável
I101: Especificação do Cargo/função
I102: N° do CREA ou CAU

Sheet Cronograma
A1: INCLUIR LOGOTIPO DA EMPRESA
A6: DADOS DA EMPRESA
A7: DADOS DA EMPRESA
A8: DADOS DA EMPRESA
A9: CRONOGRAMA
A12: ITEM | B12: 30 dias | D12: 60 dias | F12: TOTAL
B13: VALOR | C13: % | D13: VALOR | E13: % | F13: VALOR | G13: %
A14: 2. SERVIÇOS PRELIMINARES / TÉCNICOS | B14: =C14*$F14 -> 0 | C14: 0.55 | D14: =E14*$F14 -> 0 | E14: 0.45 | F14: ='Orçamento COBERTURA GUARITA'!M16 + 'Orçamento REFORÇO ESTRUTURAL'!M17+'Orçamento ADEQUAÇÕES HIDRAÚLICA'!M16 -> 0 | G14: =C14+E14 -> 1
A15: 3. MOVIMENTO DE TERRA | B15: =C15*$F15 -> 0 | C15: 0.35 | D15: =E15*$F15 -> 0 | E15: 0.65 | F15: ='Orçamento REFORÇO ESTRUTURAL'!M33+'Orçamento ADEQUAÇÕES HIDRAÚLICA'!M28 -> 0 | G15: =C15+E15 -> 1
A16: 4. INFRA-ESTRUTURA / FUNDAÇÕES SIMPLES | B16: =C16*$F16 -> 0 | C16: 1 | D16: =E16*$F16 -> 0 | F16: ='Orçamento REFORÇO ESTRUTURAL'!M38 -> 0 | G16: =C16+E16 -> 1
A17: 6. SUPERESTRUTURA | B17: =C17*$F17 -> 0 | C17: 0.2 | D17: =E17*$F17 -> 0 | E17: 0.8 | F17: ='Orçamento COBERTURA GUARITA'!M31+'Orçamento REFORÇO ESTRUTURAL'!M49 -> 0 | G17: =C17+E17 -> 1
A18: 7. ALVENARIA/ VEDAÇÃO/ DIVISÓRIA | B18: =C18*$F18 -> 0 | D18: =E18*$F18 -> 0 | E18: 1 | F18: ='Orçamento COBERTURA GUARITA'!M52+'Orçamento REFORÇO ESTRUTURAL'!M55 -> 0 | G18: =C18+E18 -> 1
A19: 8. ESQUADRIAS | B19: =C19*$F19 -> 0 | D19: =E19*$F19 -> 0 | E19: 1 | F19: ='Orçamento REFORÇO ESTRUTURAL'!M60 -> 0 | G19: =C19+E19 -> 1
A20: 9. COBERTURA | B20: =C20*$F20 -> 0 | C20: 0.2 | D20: =E20*$F20 -> 0 | E20: 0.8 | F20: ='Orçamento COBERTURA GUARITA'!M56 -> 0 | G20: =C20+E20 -> 1
A21: 12. INSTALAÇÕES HIDRÁULICAS E SANITÁRIAS | B21: =C21*$F21 -> 0 | D21: =E21*$F21 -> 0 | E21: 1 | F21: ='Orçamento COBERTURA GUARITA'!M68+'Orçamento ADEQUAÇÕES HIDRAÚLICA'!M35 -> 0 | G21: =C21+E21 -> 1
A22: 13. IMPERMEABILIZAÇÕES | B22: =C22*$F22 -> 0 | D22: =E22*$F22 -> 0 | E22: 1 | F22: ='Orçamento COBERTURA GUARITA'!M72 -> 0 | G22: =C22+E22 -> 1
A23: 15. REVESTIMENTOS | B23: =C23*$F23 -> 0 | C23: 0.8 | D23: =E23*$F23 -> 0 | E23: 0.2 | F23: ='Orçamento COBERTURA GUARITA'!M75+'Orçamento ADEQUAÇÕES HIDRAÚLICA'!M68 -> 0 | G23: =C23+E23 -> 1
A24: 17. PINTURA | B24: =C24*$F24 -> 0 | D24: =E24*$F24 -> 0 | E24: 1 | F24: ='Orçamento COBERTURA GUARITA'!M81+'Orçamento REFORÇO ESTRUTURAL'!M72 -> 0 | G24: =C24+E24 -> 1
A25: 18. SERVIÇOS COMPLEMENTARES | B25: =C25*$F25 -> 0 | C25: 0.7 | D25: =E25*$F25 -> 0 | E25: 0.3 | F25: ='Orçamento COBERTURA GUARITA'!M86+'Orçamento REFORÇO ESTRUTURAL'!M81 -> 0 | G25: =C25+E25 -> 1
A26: 19. PAISAGISMO/URBANIZAÇÃO | B26: =C26*$F26 -> 0 | C26: 0 | D26: =E26*$F26 -> 0 | E26: 1 | F26: ='Orçamento ADEQUAÇÕES HIDRAÚLICA'!M71 -> 0 | G26: =C26+E26 -> 1
A27: 21. GERENCIAMENTO DE OBRAS / FISCALIZAÇÃO | B27: =C27*$F27 -> 0 | C27: 0.5 | D27: =E27*$F27 -> 0 | E27: 0.5 | F27: ='Orçamento COBERTURA GUARITA'!M89 -> 0 | G27: =C27+E27 -> 1
A28: 24. PISO | B28: =C28*$F28 -> 0 | D28: =E28*$F28 -> 0 | E28: 1 | F28: ='Orçamento REFORÇO ESTRUTURAL'!M84 -> 0 | G28: =C28+E28 -> 1
A29: Total da Etapa | B29: =SUM(B14:B28) -> 0 | C29: =B29/$F$29 -> #DIV/0! | D29: =SUM(D14:D28) -> 0 | E29: =D29/$F$29 -> #DIV/0! | F29: =SUM(F14:F28) -> 0 | G29: =C29+E29 -> #DIV/0!
D32: Local e Data
D35: Nome do Profissional Responsável
D36: Especificação do Cargo/função
D37: N° do CREA ou CAU
